Description

Simple roach rush

Build Order

Get SALT Encoding   

  13  0:01  Drone  
  13  0:13  Overlord  
  14  0:20  Drone  
  15  0:33  Drone x2  
  17  0:46  Drone  
  16  0:51  Spawning Pool  
  17  0:54  Drone  
  18  1:02  Drone  
  17  1:18  Hatchery  
  16  1:29  Extractor  
  17  1:35  Drone x2  
  19  1:41  Zergling x2  
  21  1:54  Queen  
  20  1:59  Roach Warren  
  21  2:02  Drone  
  22  2:04  Drone  
  22  2:08  Overlord  
  21  2:30  Overlord  
  23  2:37  Queen  
  25  2:39  Queen  
  27  2:41  Roach x2  
  31  2:45  Roach  
  33  3:19  Roach  
  35  3:20  Roach x5  
  41  3:31  Overlord x2  
  43  3:54  Roach  
  45  3:55  Roach x3  
  48  4:02  Evolution Chamber  
  47  4:09  Spine Crawler  
Spawning Tool Build Advisor. Get it on Overwolf

Go to:

Details

  • Created by: kingfish
  • Published on: Jan 16, 2020
  • Modified on: Jan 16, 2020
  • Patch: 4.11.0
Show
View Real Time Build Order
Export as new Build Order

Comments (0)

There are no comments. Be the first!

Create an account to comment!